 Dungeon Crawl Stone Soup version 0.21.1-1-g345015f (webtiles) character file.

294 asishallab the Shield-Bearer (level 6, 0/59 HPs)
             Began as a Troll Fighter on May 13, 2018.
             Slain by a kobold
             ... wielding a +0 short sword
              (1 damage)
             ... in a sewer on May 14, 2018.
             The game lasted 00:09:16 (2259 turns).

asishallab the Shield-Bearer (Troll Fighter)        Turns: 2259, Time: 00:09:17

Health: 0/59       AC:  5    Str: 23 (25) XL:     6   Next: 11%
Magic:  5/5        EV:  9    Int:  1 (4)  God:
Gold:   133        SH:  9    Dex:  8 (11) Spells: 5/5 levels left

rFire    . . .     SeeInvis .   a - +0 war axe
rCold    . . .     Gourm    +   c - +0 shield
rNeg     . . .     Faith    .   b - +0 robe
rPois    .         Spirit   .   (helmet restricted)
rElec    .         Reflect  .   (no cloak)
rCorr    .         Harm     .   (gloves unavailable)
MR       .....                  (boots unavailable)
Stlth    +.........             (no amulet)
HPRegen  0.59/turn              (no ring)
MPRegen  0.09/turn              (no ring)

@: no status effects
A: large, unfitting armour, claws 3, fast metabolism 3, gourmand, regeneration
1, shaggy fur 1, tough skin 2
a: no special abilities


You were in a sewer.
You were not hungry.

You visited 1 branch of the dungeon, and saw 3 of its levels.
You also visited: Sewer.

You collected 133 gold pieces.

Inventory:

Hand Weapons
 a - a +0 war axe (weapon)
Missiles
 h - 119 stones
 m - 3 large rocks (quivered)
Armour
 b - a +0 robe (worn)
 c - a +0 shield (worn)
Scrolls
 i - 2 scrolls of enchant weapon {unknown}
 j - 6 scrolls of identify {unknown}
 k - a scroll of remove curse {unknown}
Potions
 d - 2 potions of might
 e - a potion of flight {unknown}
 g - a potion of curing {unknown}
Comestibles
 f - 6 rations


   Skills:
 - Level 2.4 Fighting
 + Level 3.3 Axes
 + Level 3.8 Dodging
 + Level 3.8 Shields


You had 5 spell levels left.
You didn't know any spells.

Dungeon Overview and Level Annotations

Branches:
Dungeon (3/15)

Altars:
Ru
Vehumet

Annotations:
Sewer Grinder


Innate Abilities, Weirdness & Mutations

You are too large for most types of armour.
You have claws for hands.
Your metabolism is lightning-fast.
You like to eat raw meat.
Your natural rate of healing is unusually fast.
You are covered in fur. (AC +1)
You have very tough skin. (AC +2)


Message History

You closely miss the kobold. You block the kobold's attack. x2
You closely miss Grinder.
Grinder is severely wounded.
You hit the kobold. Grinder gestures at you. Pain shoots through your body!
* * * LOW HITPOINT WARNING * * *
You block the kobold's attack. Grinder hits you!
* * * LOW HITPOINT WARNING * * *
You writhe in agony.
* * * LOW HITPOINT WARNING * * *
You closely miss Grinder.
Grinder is severely wounded.
You hit the kobold but do no damage. The kobold hits you with a short sword.
* * * LOW HITPOINT WARNING * * *
Grinder gestures at you. Pain shoots through your body!
* * * LOW HITPOINT WARNING * * *
The kobold hits you with a short sword.
You die...

##.## #...# ###
##...###≈≈.+.≈
#.....##≈≈.#..
#.§≈≈)##≈≈.#.≈
#...(.##≈≈.#.≈
##''(###≈..#..
#######...###≈≈.#..
###5@.##.(§..###.####
#!.K≈.(.§.....#...#≈≈
#∩!!§.≈.'..._.§.'.%≈≈≈≈
###!§.≈.'.§.....#..≈#≈≈
###...##..§..###%####
#######...###≈).#..
#+++# #≈≈.#.. #≈≈.#.≈
#≈≈.#..


You could see Grinder and a kobold.

Vanquished Creatures
  A quasit (Sewer)
  An orc wizard (D:2)
  4 big kobold zombies (Sewer)
  8 adders
  3 shadow imps (Sewer)
  2 ufetubi (Sewer)
  A worm (D:3)
  A leopard gecko (D:2)
  6 bats
  A giant cockroach (D:2)
  7 goblins
  3 hobgoblins
  14 kobolds
  3 quokkas (D:2)
  2 ball pythons
  A frilled lizard (D:1)
  6 rats
64 creatures vanquished.

Vanquished Creatures (others)
  A kobold zombie (Sewer)
1 creature vanquished.

Grand Total: 65 creatures vanquished

Notes
Turn   | Place    | Note
-------+----------+-------------------------------------------
     0 | D:1      | asishallab the Troll Fighter began the quest for the Orb.
     0 | D:1      | Reached XP level 1. HP: 22/22 MP: 0/0
   362 | D:1      | Reached XP level 2. HP: 23/29 MP: 1/1
   942 | D:2      | Found a radiant altar of Vehumet.
  1031 | D:2      | Reached XP level 3. HP: 34/36 MP: 2/2
  1515 | D:2      | Found a sacrificial altar of Ru.
  1527 | D:2      | Reached XP level 4. HP: 42/44 MP: 3/3
  1776 | D:3      | Found a glowing drain.
  1808 | Sewer    | Entered a sewer
  1875 | Sewer    | Reached XP level 5. HP: 48/50 MP: 4/4
  2081 | Sewer    | Found a burning altar of Makhleb.
  2143 | Sewer    | Reached XP level 6. HP: 21/59 MP: 5/5
  2241 | Sewer    | Noticed Grinder
  2250 | Sewer    | Paralysed by Grinder for 3 turns
  2259 | Sewer    | HP: 1/59 [Grinder/nerve-wracking pain (4)]
  2259 | Sewer    | Slain by a kobold

Skill      XL: |  1  2  3  4  5 |
---------------+----------------+-----
Axes           | 2 3 |  3.3
Dodging        | 3 |  3.8
Shields        | 3 |  3.8
Fighting       | |  2.4

Action                   |  1- 3 |  4- 6 || total
-------------------------+-------+-------++-------
Melee: War axe           |   142 |   140 ||   282
Throw: Large rock        |       |     2 ||     2
  Use: Potion            |       |     3 ||     3
 Stab: Sleeping          |     1 |     1 ||     2
       Paralysed         |     1 |       ||     1
  Eat: Chunk             |    19 |     3 ||    22
Armor: Robe              |    53 |    75 ||   128
Dodge: Dodged            |    47 |    83 ||   130
Block: Shield            |    98 |    81 ||   179
